 Dungeon Crawl Stone Soup version 0.29.0-4-gdea44cf6ec (webtiles) character file.

Game seed: 6751946613725226763

43 qw the Vexing (level 3, -1/35 HPs)
             Began as an Ogre Enchanter on Sept 3, 2022.
             Slain by an adder (3 damage)
             ... on level 2 of the Dungeon.
             The game lasted 00:01:19 (1574 turns).

qw the Vexing (Ogre Enchanter)                      Turns: 1574, Time: 00:01:20

Health: -1/35      AC:  3    Str: 14    XL:     3   Next: 58%
Magic:  6/6        EV:  9    Int: 16    God:
Gold:   30         SH:  0    Dex:  9    Spells: 6/6 levels left

rFire   . . .      SeeInvis .   Y - +0 mace
rCold   . . .      Faith    .   (no shield)
rNeg    . . .      Spirit   .   b - +0 robe
rPois   .          Reflect  .   (helmet restricted)
rElec   .          Harm     .   (no cloak)
rCorr   +          Rampage  .   (gloves unavailable)
Will    .....                   (boots unavailable)
Stlth   ++........              (no amulet)
HPRegen 0.11/turn               g - ring of resist corrosion
MPRegen 0.10/turn               (no ring)

@: lethally poisoned (-1 -> -4)
A: large, unfitting armour, tough skin 1
a: no special abilities


You were on level 2 of the Dungeon.
You visited 1 branch of the dungeon, and saw 2 of its levels.

You collected 30 gold pieces.


Innate Abilities, Weirdness & Mutations

You are too large for most types of armour.
You have tough skin. (AC +1)


   Skills:
 - Level 2.0 Fighting
 - Level 0.8 Short Blades
 + Level 2.5 Axes
 - Level 1.7 Dodging
 - Level 2.1 Stealth
 - Level 2.4 Spellcasting
 - Level 2.6 Hexes


You had 6 spell levels left.
You didn't know any spells.
Your spell library contained the following spells:

 Spells                   Type           Power      Damage    Failure   Level
 Ensorcelled Hibernation  Hex/Ice        12%        N/A       17%         2
 Confusing Touch          Hex            10%        N/A       21%         3
 Tukima's Dance           Hex            10%        N/A       21%         3
 Dazzling Flash           Conj/Hex       12%        N/A       34%         3

Inventory:

Hand Weapons
 Y - a +0 mace (weapon)
Armour
 b - a +0 robe (worn)
 d - a +1 robe of cold resistance
Jewellery
 g - a ring of resist corrosion (left hand)
Scrolls
 c - a scroll of identify
Potions
 a - a potion of brilliance {unknown}
 e - a potion of haste {unknown}

Dungeon Overview and Level Annotations

Branches:
Dungeon (2/15)

Altars:

Shops:
D:1 (


Message History

The adder barely misses you.
You miss the adder. The adder bites you.
You are poisoned.
The adder poisons you!
The adder hisses angrily.
You hit the adder.
The adder is lightly wounded.
You feel sick.
You hear a shout!
The adder bites you. x2
You are more poisoned.
The adder poisons you!
You hear a shout! x5
You hit the adder.
The adder is moderately wounded.
You feel very sick.
You hear a shout!
The adder closely misses you. The adder barely misses you.
You hear a shout!
You hit the adder.
The adder is severely wounded.
You feel sick.
You hear a shout! x2
The adder barely misses you. The adder bites you.
You are more poisoned.
The adder poisons you!
You hear a shout!
You closely miss the adder.
The adder is severely wounded.
You feel very sick. The adder barely misses you. The adder closely misses you.
You hit the adder but do no damage.
The adder is severely wounded.
You feel sick. The adder bites you. The adder barely misses you.
The adder bites you. The adder closely misses you.
You hit the adder but do no damage.
The adder is severely wounded.
You feel sick. The adder bites you but does no damage. The adder bites you.
You die...

.##.. ....
...# #.!#
#..# #
#..###$##. #.
##.SS......
#..##..@###.#
#.....#.....#
..#.#...#####
.. ##.## #
#.# #.# #.#
#.# #.#


You could see 2 adders.

Vanquished Creatures
  An adder (D:2)
  A dart slug (D:2)
  5 ball pythons (D:1)
  2 bats (D:1)
  An endoplasm (D:1)
  5 giant cockroaches
  3 goblins (D:1)
  4 kobolds
  2 quokkas
  2 frilled lizards (D:1)
  4 rats (D:1)
30 creatures vanquished.

Notes
Turn   | Place    | Note
-------+----------+-------------------------------------------
     0 | D:1      | qw the Ogre Enchanter began the quest for the Orb.
     0 | D:1      | Reached XP level 1. HP: 16/16 MP: 3/3
     0 | D:1      | 0 ||| qw: Version: 0.1-a-102-g441f92d
     0 | D:1      | 0 ||| qw: Game counter: 5097
     0 | D:1      | 0 ||| qw: Always use a shield: true
     0 | D:1      | 0 ||| qw: God list: Okawaru
     0 | D:1      | 0 ||| qw: Allow faded altars: false
     0 | D:1      | 0 ||| qw: Do Orc after D:15 true
     0 | D:1      | 0 ||| qw: Do second Lair branch before Depths: true
     0 | D:1      | 0 ||| qw: Lair rune preference: random
     0 | D:1      | 0 ||| qw: Plans: Normal
     0 | D:1      | 0 ||| PLANNING D:1-11
   132 | D:1      | Reached skill level 1 in Axes
   248 | D:1      | 248 ||| Stepping ~*~*~tactically~*~*~ (stealth).
   249 | D:1      | 249 ||| Stepping ~*~*~tactically~*~*~ (stealth).
   252 | D:1      | 252 ||| Stepping ~*~*~tactically~*~*~ (stealth).
   256 | D:1      | 256 ||| Stepping ~*~*~tactically~*~*~ (stealth).
   269 | D:1      | Reached skill level 1 in Fighting
   269 | D:1      | Reached XP level 2. HP: 22/27 MP: 5/5
   424 | D:1      | Found Loummom's Weapon Shop.
   615 | D:1      | 615 ||| SWAPPING to +0 mace.
   616 | D:1      | 616 ||| DROPPING +1 dagger.
   617 | D:1      | 617 ||| DROPPING +0 club.
   619 | D:1      | 619 ||| SHOPLISTING +0 flail (49 gold, have 23).
   619 | D:1      | 619 ||| SHOPLISTING +1 mace of protection (148 gold, have
                  | 23).
   771 | D:1      | 771 ||| Stepping ~*~*~tactically~*~*~ (stealth).
   773 | D:1      | 773 ||| Stepping ~*~*~tactically~*~*~ (stealth).
   911 | D:1      | 911 ||| Stepping ~*~*~tactically~*~*~ (stealth).
   912 | D:1      | 912 ||| Stepping ~*~*~tactically~*~*~ (stealth).
   913 | D:1      | 913 ||| Stepping ~*~*~tactically~*~*~ (stealth).
   924 | D:1      | Reached XP level 3. HP: 31/35 MP: 6/6
   962 | D:1      | 962 ||| Stepping ~*~*~tactically~*~*~ (stealth).
  1329 | D:1      | 1329 ||| UPGRADING to ring of resist corrosion.
  1330 | D:1      | 1330 ||| READING scroll labelled QITWED POEF.
  1331 | D:1      | 1331 ||| READING scroll labelled XEVVUM ERIPH.
  1332 | D:1      | 1332 ||| DROPPING 2 potions of invisibility.
  1363 | D:2      | 1363 ||| STAIRDANCE
  1466 | D:2      | 1466 ||| Stepping ~*~*~tactically~*~*~ (stealth).
  1512 | D:2      | 1512 ||| Stepping ~*~*~tactically~*~*~ (stealth).
  1520 | D:2      | 1520 ||| Stepping ~*~*~tactically~*~*~ (stealth).
  1573 | D:2      | HP: 8/35 [adder (3)]
  1574 | D:2      | HP: 2/35 [poisoned by an adder]
  1574 | D:2      | Slain by an adder

Levels and vault maps discovered:
D:1:      wander_arrival_peaceful_grave, layout_basic, serial_shops, shop
D:2:      minmay_angry_zag, layout_loops_ring, serial_shops, shop, uniq_robin

Skill      XL: |  1  2  3 |
---------------+----------+-----
Axes           | 1 2 |  2.5
Fighting       | 1 2 |  2.0
Short Blades   | |  0.8
Dodging        | |  1.7
Stealth        | |  2.1
Spellcasting   | |  2.4
Hexes          | |  2.6

Action                   || total
-------------------------++-------
Melee: Dagger            ||    58
       Mace              ||    81
       Punch             ||     2
  Use: Scroll            ||     2
Armor: Robe              ||    44
Dodge: Dodged            ||    77

Table legend:
 A = Non-vault XP
 B = Vault XP
 C = Vault XP percentage of total XP
 D = Non-vault monster count
 E = Vault monster count
 F = Vault count percentage of total count
                 A         B        C        D         E       F
            +---------+---------+-------+---------+---------+-------
      Total |      44 |      18 |  29.0 |      27 |       3 |  10.0
            +---------+---------+-------+---------+---------+-------
        D:1 |      39 |       0 |   0.0 |      24 |       0 |   0.0
        D:2 |       5 |      18 |  78.3 |       3 |       3 |  50.0
            +---------+---------+-------+---------+---------+-------
